 Dungeon Sprint DCSS version 0.27-a0-789-g6bb3289e1e (webtiles) character file.

Game seed: 18245822140933703349

7742 mhtbhm the Imperceptible (level 11, -6/60 HPs)
             Began as a Felid Berserker on Mar 27, 2021.
             Was the Champion of Trog.
             Mangled by the 27-headed Lernaean hydra (13 damage)
             ... in the Dungeon (Sprint I: "Red Sonja").
             The game lasted 00:12:04 (3225 turns).

mhtbhm the Imperceptible (Felid Berserker)          Turns: 3225, Time: 00:12:05

Health: -6/60      AC:  3    Str: 21    XL:     11   Next: 0%
Magic:  21/21      EV: 31    Int: 12    God:    Trog [******]
Gold:   200        SH:  0    Dex: 15    Spells: 10/10 levels left
                                        Lives:  0   Deaths: 3

rFire    + + .     SeeInvis +     - Unarmed
rCold    + + .     Faith    +   (shield unavailable)
rNeg     . . .     Spirit   .   (armour unavailable)
rPois    +         Reflect  .   (helmet unavailable)
rElec    +         Harm     .   (cloak unavailable)
rCorr    .         Rampage  .   (gloves unavailable)
Will     +....     NoTele   +   (boots unavailable)
Stlth    ++++++++..             p - amulet of Yfaer {Faith rF+ Slay+5 Stlth-}
HPRegen  0.20/turn              o - ring of protection from fire
MPRegen  0.17/turn              n - ring of Boerub {rElec rPois rC+ MP+9 Str+4}

@: slowed, studying Fighting, slow
A: very small, claws 1, fangs 3, see invisible, speed 1, shaggy fur 3, stealthy
paws, no weapons or thrown items, no armour, multi-lived, repulsion field 1,
clever 1, deterioration 1
a: Renounce Religion, Berserk, Trog's Hand, Brothers in Arms


You were in the Dungeon.
You worshipped Trog.
Trog was exalted by your worship.
You visited 1 branch You collected 3824 gold pieces.
You spent 3624 gold pieces at shops.

Inventory:

Jewellery
 h - a +6 ring of strength
 m - an amulet of regeneration
 n - the ring of Boerub (left paw) {rElec rPois rC+ MP+9 Str+4}
   (You bought it in a shop in the Dungeon)

   [ring of magical power]

   It affects your strength (+4).
   It protects you from cold.
   It insulates you from electricity.
   It protects you from poison.
   It affects your magic capacity (+9).
 o - a ring of protection from fire (right paw)
 p - the amulet of Yfaer (around neck) {Faith rF+ Slay+5 Stlth-}
   (You bought it in a shop in the Dungeon)

   [amulet of faith]

   It allows you to gain divine favour quickly.
   It affects your accuracy and damage with ranged weapons and melee attacks
   (+5).
   It protects you from fire.
   It makes you less stealthy.
Wands
 i - a wand of polymorph (12)
 l - a wand of charming (7)
Scrolls
 f - a scroll of blinking
 g - a scroll of fear
 j - a scroll of fog
 q - a scroll of immolation
Potions
 a - 2 potions of curing
 b - 2 potions of heal wounds
 c - 3 potions of might
 d - 2 potions of magic
 e - a potion of berserk rage
 k - a potion of brilliance
 s - a potion of flight
 t - a potion of mutation


   Skills:
 + Level 14.0 Fighting
 + Level 18.9 Dodging
 + Level 22.5 Stealth
 + Level 21.7 Unarmed Combat


You had 10 spell levels left.
You didn't know any spells.
Your spell library was empty.

Dungeon Overview and Level Annotations

Branches:
Dungeon (1/1)

Altars:
Cheibriados
Dithmenos
Elyvilon
Fedhas
Gozag
Hepliaklqana
Kikubaaqudgha
Makhleb
Nemelex Xobeh
Okawaru
Qazlal
Ru
Sif Muna
Trog
Uskayaw
Vehumet
Wu Jian
Xom
Yredelemnul
Zin
The Shining One
Jiyva
Lugonu

Shops:
D (*=!=!*???[[[*:?[!?[!=

Annotations:
D Lernaean hydra, Lom Lobon


Innate Abilities, Weirdness & Mutations

You have sharp claws.
You have razor-sharp teeth.
You have supernaturally acute eyesight. (SInv)
You cover ground quickly. (Speed+)
Your thick and shaggy fur keeps you warm. (AC +3, rC+)
Your stealthy paws help you sneak and pounce on unaware monsters.
You are incapable of wielding weapons or throwing items.
You cannot wear armour.
You gain extra lives every three experience levels.
You are surrounded by a mild repulsion field. (EV +2)
Your mind is acute. (Int +2)
Your body sometimes deteriorates upon taking damage.


Message History

You are engulfed in dark miasma.
You are poisoned.
You feel yourself slow down.
You feel extremely sick.
Lom Lobon is nearby!
Really walk into that arrow trap? [Y]es or [N]o only, please.
Really walk into that arrow trap?
Okay, then.
Really walk into that arrow trap? [Y]es or [N]o only, please.
Really walk into that arrow trap?
You avoid triggering an arrow trap.
You are engulfed in dark miasma.
You feel as though you will be slow longer.
You feel sick.
Lom Lobon gestures.
A ball lightning comes into view.
There is an arrow trap here.
You're standing in a cloud of foul pestilence!
You feel sick.
The ball lightning moves out of view.
You feel sick.
You are no longer poisoned.
You open the door.
You hear a clap of thunder! x2
An arrow hits the ball lightning!
The ball lightning explodes!
The blast of lightning engulfs you. You resist.
* * * LOW HITPOINT WARNING * * *
You hear a clap of thunder!
There is an open door here.
The 27-headed Lernaean hydra bites you.
* * * LOW HITPOINT WARNING * * *
The 27-headed Lernaean hydra bites you.
* * * LOW HITPOINT WARNING * * *
The 27-headed Lernaean hydra misses you.
The 27-headed Lernaean hydra closely misses you.
The 27-headed Lernaean hydra bites you.
* * * LOW HITPOINT WARNING * * *
The 27-headed Lernaean hydra bites you!
You die...

.^#°.$###§.###$#.)≈###§##...#,,,,
..'..$°○##§#A#$#.)≈."#§####'#,,,,
)^#^..°○#.§###$#..≈.##'#§§§.##,,,
..###''##.##..$#..≈##^§^^§.§.##,,
°###..###..#+###..≈#.§§§.§.§..#,,
.####..###...#.≈..##§^^^§§§...##,
'#..#.○#.###.#.≈..#§.§.§§§§§...#,
[#....○....#.###..#..§..|§.§...#,
##.†.......#)#.'@†##..^..§§§..##,
.'....$$####C#.##D##..........#,,
###.$.###...C#^#≈≈≈##........##,,
([#####...####.#≈≈≈≈##.((.(.##,,,
..C.C.CC###.°°.#≈≈≈≈≈########,,,,
....#####°.°°####≈≈≈≈#≈≈≈≈≈*,,,,,
...**,,°○.○°.*,,#'≈≈≈'≈≈.≈≈',,,,,
..**,,,°°°°.,*,,$##≈≈#≈≈≈≈≈*≈≈≈,,
$,*,,,,°°*.^,*,$$,*#####'*****≈≈≈


You could see the 27-headed Lernaean hydra.

Vanquished Creatures
  A golden dragon (D)
  A shadow dragon (D)
  2 fire giants (D)
  A deep elf annihilator (D)
  A lorocyproca (D)
  A mummy priest (D)
  A hydra (D)
  2 centaur warriors (D)
  Sonja (D)
  A deep troll (D)
  A lindwurm (D)
  2 oklob plants (D)
  A merfolk siren (D)
  A gargoyle (D)
  2 kobold demonologists (D)
  4 demonic crawlers (D)
  7 unseen horrors (D)
  A hellwing (D)
  5 hornets (D)
  A slime creature (D)
  Sigmund (D)
  2 redbacks (D)
  A yak (D)
  13 hogs (D)
  3 floating eyes (D)
  7 necrophages (D)
  An ogre (D)
  8 jellies (D)
  Ijyb (D)
74 creatures vanquished.

Vanquished Creatures (collateral kills)
  A fire giant (D)
  A merfolk siren (D)
  8 shining eyes (D)
  4 floating eyes (D)
14 creatures vanquished.

Vanquished Creatures (others)
  A gargoyle (D)
  A ball lightning (D)
  2 ballistomycete spores (D)
4 creatures vanquished.

Grand Total: 92 creatures vanquished

Notes
Turn   | Place    | Note
-------+----------+-------------------------------------------
     0 | D        | mhtbhm the Felid Berserker began the quest for the Orb.
     0 | D        | Reached XP level 1. HP: 10/10 MP: 2/2
     2 | D        | Noticed Ijyb
     9 | D        | Killed Ijyb
    10 | D        | Reached skill level 5 in Dodging
    10 | D        | Reached XP level 2. HP: 15/15 MP: 3/3
    59 | D        | Noticed an ogre
    63 | D        | Killed an ogre
    64 | D        | Reached XP level 3. HP: 20/20 MP: 4/4
    64 | D        | Reached XP level 4. HP: 24/24 MP: 5/5
   112 | D        | Noticed Sigmund
   122 | D        | Killed Sigmund
   122 | D        | Reached ** piety under Trog
   123 | D        | Reached XP level 5. HP: 28/28 MP: 6/6
   162 | D        | Found a burning altar of Makhleb.
   162 | D        | Found a viscous altar of Jiyva.
   162 | D        | Found a shimmering altar of Xom.
   162 | D        | Found a corrupted altar of Lugonu.
   162 | D        | Noticed a slime creature
   170 | D        | Killed a slime creature
   171 | D        | Reached skill level 10 in Dodging
   171 | D        | Gained mutation: You are covered in thick fur. (AC +2)
                  | [Felid growth]
   171 | D        | Reached XP level 6. HP: 28/34 MP: 7/7
   302 | D        | Found an ornate altar of the Wu Jian Council.
   302 | D        | Found a shimmering blue altar of Sif Muna.
   304 | D        | Found a radiant altar of Vehumet.
   339 | D        | Found Tupnape's Distillery.
   339 | D        | Found an ancient bone altar of Kikubaaqudgha.
   339 | D        | Found a hazy altar of Hepliaklqana.
   339 | D        | Found a stormy altar of Qazlal.
   339 | D        | Found a hide-covered altar of Uskayaw.
   339 | D        | Found a blossoming altar of Fedhas.
   339 | D        | Found a bloodstained altar of Trog.
   339 | D        | Found an iron altar of Okawaru.
   339 | D        | Found a basalt altar of Yredelemnul.
   339 | D        | Found a glowing golden altar of the Shining One.
   339 | D        | Found a snail-covered altar of Cheibriados.
   339 | D        | Found a sacrificial altar of Ru.
   339 | D        | Found a glowing silver altar of Zin.
   339 | D        | Found a shadowy altar of Dithmenos.
   339 | D        | Found a white marble altar of Elyvilon.
   339 | D        | Noticed a yak
   340 | D        | Found an opulent altar of Gozag.
   343 | D        | Killed a yak
   343 | D        | Reached *** piety under Trog
   344 | D        | Reached skill level 1 in Stealth
   344 | D        | Reached skill level 10 in Unarmed Combat
   344 | D        | Reached XP level 7. HP: 38/38 MP: 8/8
   344 | D        | Found a sparkling altar of Nemelex Xobeh.
   348 | D        | Bought a potion of heal wounds for 65 gold pieces
   355 | D        | Noticed Sonja
   369 | D        | Killed Sonja
   370 | D        | Reached skill level 10 in Fighting
   370 | D        | Reached skill level 3 in Stealth
   370 | D        | Reached XP level 8. HP: 16/43 MP: 9/9
   477 | D        | Found Wilece's Weapon Boutique.
   502 | D        | Noticed a deep troll
   515 | D        | Killed a deep troll
   516 | D        | Reached skill level 4 in Stealth
   525 | D        | Found Cuinwoim's Armour Emporium.
   834 | D        | Noticed a kobold demonologist
   834 | D        | Noticed a kobold demonologist
   836 | D        | Reached **** piety under Trog
   837 | D        | Reached skill level 5 in Stealth
   838 | D        | Noticed a sun demon
   842 | D        | Killed a kobold demonologist
   843 | D        | Reached XP level 9. HP: 47/47 MP: 10/10
   848 | D        | Killed a kobold demonologist
   934 | D        | Noticed a centaur warrior
   940 | D        | Noticed a centaur warrior
   949 | D        | Killed a centaur warrior
   949 | D        | Reached ***** piety under Trog
   950 | D        | Reached skill level 6 in Stealth
   953 | D        | Killed a centaur warrior
   954 | D        | Reached skill level 7 in Stealth
   954 | D        | Reached skill level 15 in Unarmed Combat
  1010 | D        | Noticed an oklob plant
  1018 | D        | Killed an oklob plant
  1019 | D        | Reached XP level 10. HP: 53/53 MP: 11/11
  1132 | D        | Reached skill level 15 in Dodging
  1132 | D        | Reached skill level 8 in Stealth
  1249 | D        | Reached ****** piety under Trog
  1287 | D        | Reached skill level 9 in Stealth
  1389 | D        | Found Qaanutwi's Magic Scroll Shoppe.
  1389 | D        | Found Meeruyn's General Store.
  1389 | D        | Found Udajioze's Magic Scroll Boutique.
  1391 | D        | Found Nueschesh's Magic Scroll Emporium.
  1391 | D        | Found Qeades's Antique Armour Shop.
  1391 | D        | Found Ullodgh's Armour Shoppe.
  1391 | D        | Found Zaskeuske's Armour Boutique.
  1391 | D        | Found Muod's Assorted Antiques.
  1391 | D        | Found Ycrubid's Book Shop.
  1391 | D        | Found Fixuzuf's Magic Scroll Shoppe.
  1394 | D        | Bought a scroll of magic mapping for 38 gold pieces
  1396 | D        | Bought a scroll of blinking for 82 gold pieces
  1396 | D        | Found Sible Avuos's Antique Armour Boutique.
  1397 | D        | Bought a scroll of acquirement for 624 gold pieces
  1397 | D        | Found Quoprei's Magic Scroll Emporium.
  1397 | D        | Found Jenulev's Distillery.
  1398 | D        | Found Lamoirum's Distillery.
  1405 | D        | Bought a scroll of blinking for 90 gold pieces
  1405 | D        | Acquired a manual of Fighting
  1409 | D        | Acquired a manual of Stealth
  1439 | D        | Bought an encrusted golden ring for 125 gold pieces
  1439 | D        | Bought a dented sapphire amulet for 125 gold pieces
  1454 | D        | Bought a scroll of identify for 24 gold pieces
  1454 | D        | Bought a scroll of identify for 24 gold pieces
  1459 | D        | Bought a potion of resistance for 110 gold pieces
  1462 | D        | Gained mutation: You are surrounded by a mild repulsion
                  | field. (EV +2) [potion of mutation]
  1462 | D        | Gained mutation: Your mind is acute. (Int +2) [potion of
                  | mutation]
  1498 | D        | Killed a gargoyle
  1522 | D        | Reached skill level 10 in Stealth
  1531 | D        | Reached skill level 11 in Stealth
  1582 | D        | Noticed a lindwurm
  1586 | D        | Killed a lindwurm
  1587 | D        | Reached skill level 12 in Stealth
  1594 | D        | Reached skill level 13 in Stealth
  1594 | D        | Reached XP level 11. HP: 57/57 MP: 12/12
  1646 | D        | Reached skill level 14 in Stealth
  1712 | D        | Noticed a 12-headed hydra
  1714 | D        | Killed a 12-headed hydra
  1715 | D        | Reached skill level 15 in Stealth
  1740 | D        | Noticed a daeva
  1749 | D        | Reached skill level 16 in Stealth
  1796 | D        | Noticed a fire giant
  1796 | D        | Noticed a fire giant
  1796 | D        | Noticed a fire giant
  1796 | D        | Noticed a fire giant
  1822 | D        | Killed a fire giant
  1823 | D        | Reached skill level 17 in Stealth
  1825 | D        | Killed a fire giant
  1826 | D        | Reached skill level 18 in Stealth
  1827 | D        | Slain by a fire giant
  1828 | D        | Reached XP level 10. HP: -1/81 MP: 11/11
  2034 | D        | HP: 1/54 [something (22)]
  2041 | D        | Engulfed by a cloud of freezing vapour
  2042 | D        | Reached XP level 9. HP: -2/50 MP: 10/10
  2050 | D        | Noticed a meliai
  2050 | D        | Noticed a lorocyproca
  2052 | D        | Killed a lorocyproca
  2053 | D        | Reached XP level 10. HP: 49/55 MP: 11/11
  2079 | D        | Noticed a gargoyle
  2082 | D        | Killed a gargoyle
  2083 | D        | Reached skill level 19 in Stealth
  2180 | D        | Noticed a golden dragon
  2181 | D        | Noticed a shadow dragon
  2182 | D        | Killed a shadow dragon
  2183 | D        | Reached skill level 20 in Stealth
  2184 | D        | Killed a golden dragon
  2185 | D        | Reached skill level 21 in Stealth
  2185 | D        | Reached XP level 11. HP: 58/58 MP: 12/12
  2246 | D        | Found Tiskiun's Jewellery Shoppe.
  2268 | D        | Bought the ring of Boerub {rElec rPois rC+ MP+9 Str+4} for
                  | 536 gold pieces
  2268 | D        | Bought a ring of protection from fire for 250 gold pieces
  2268 | D        | Bought the amulet of Yfaer {Faith rF+ Slay+5 Stlth-} for
                  | 736 gold pieces
  2435 | D        | Bought a ruby potion for 22 gold pieces
  2441 | D        | Bought a scroll of blinking for 75 gold pieces
  2441 | D        | Bought a scroll of fog for 20 gold pieces
  2441 | D        | Bought a scroll of fog for 20 gold pieces
  2444 | D        | Bought a potion of heal wounds for 55 gold pieces
  2481 | D        | Bought a scroll of immolation for 42 gold pieces
  2544 | D        | Noticed a shining eye
  2544 | D        | Noticed a shining eye
  2544 | D        | Noticed a shining eye
  2544 | D        | Noticed a shining eye
  2544 | D        | Noticed a shining eye
  2544 | D        | Noticed a shining eye
  2546 | D        | Killed a shining eye
  2548 | D        | Killed a shining eye
  2549 | D        | Killed a shining eye
  2551 | D        | Killed a shining eye
  2556 | D        | Noticed a shining eye
  2556 | D        | Noticed a shining eye
  2558 | D        | Killed a shining eye
  2559 | D        | Paralysed by a floating eye for 4 turns
  2560 | D        | Gained mutation: Your body sometimes deteriorates upon
                  | taking damage. [a shining eye]
  2560 | D        | Killed a shining eye
  2562 | D        | Killed a shining eye
  2566 | D        | Killed a shining eye
  2573 | D        | Found Eruekk's Assorted Antiques.
  2573 | D        | Found Tener's Jewellery Shop.
  2573 | D        | Found Oruycserch's Jewellery Emporium.
  2573 | D        | Found Huiraj's Distillery.
  2580 | D        | Bought a potion of might for 92 gold pieces
  2580 | D        | Bought a smoky coppery potion for 20 gold pieces
  2580 | D        | Bought a scroll of identify for 46 gold pieces
  2602 | D        | Bought a potion of heal wounds for 115 gold pieces
  2611 | D        | Bought a potion of flight for 42 gold pieces
  2611 | D        | Bought a potion of mutation for 112 gold pieces
  2611 | D        | Bought a potion of might for 56 gold pieces
  2648 | D        | Bought a potion of flight for 39 gold pieces
  2648 | D        | Bought a potion of flight for 39 gold pieces
  2704 | D        | Noticed a deep elf annihilator
  2757 | D        | Killed a deep elf annihilator
  2758 | D        | Reached skill level 22 in Stealth
  2760 | D        | Killed a fire giant
  3045 | D        | Noticed a mummy priest
  3046 | D        | Noticed an oklob plant
  3051 | D        | Noticed a flayed ghost
  3051 | D        | Killed an oklob plant
  3054 | D        | Killed a mummy priest
  3055 | D        | Gained mutation: Your thick and shaggy fur keeps you warm.
                  | (AC +3, rC+) [Felid growth]
  3055 | D        | Reached XP level 12. HP: 49/64 MP: 13/13
  3211 | D        | Noticed the 27-headed Lernaean hydra
  3218 | D        | HP: 1/96 [the 27-headed Lernaean hydra (5)]
  3218 | D        | Mangled by the 27-headed Lernaean hydra
  3219 | D        | Reached XP level 11. HP: -8/90 MP: 21/21
  3219 | D        | Noticed Lom Lobon
  3225 | D        | Mangled by the 27-headed Lernaean hydra

Illustrated notes

Levels and vault maps discovered:
D:        dungeon_sprint_1 [red_sonja_temple_1, red_sonja_temple_small_1]

Skill      XL: |  1  2  3  4  5  6  7  8  9 10 11 |
---------------+----------------------------------+-----
Fighting       | 4 6 7 8 9 10 13 12 14 | 14.0
Dodging        | 5 7 9 10 11 12 13 14 18 17 | 18.9
Unarmed Combat | 4 6 8 9 10 11 13 15 20 21 | 21.7
Stealth        | 1 3 5 7 21 22 | 22.5

Action                   |  1- 3 |  4- 6 |  7- 9 | 10-12 || total
-------------------------+-------+-------+-------+-------++-------
Melee: Unarmed           |     9 |    17 |    44 |   138 ||   208
       Bite              |     1 |     1 |     4 |    21 ||    27
       Punch             |       |     1 |     4 |    11 ||    16
Invok: Berserk           |     2 |     2 |     5 |     8 ||    17
       Trog's Hand       |       |       |     1 |       ||     1
       Brothers in Arms  |       |       |       |     8 ||     8
  Use: Scroll            |       |       |       |    14 ||    14
       Potion            |       |       |       |    12 ||    12
 Stab: Sleeping          |       |     2 |     2 |    16 ||    20
Armor: Skin              |       |       |       |     5 ||     5
Dodge: Dodged            |     4 |     8 |    39 |   174 ||   225

Table legend: (Time is in decaauts)
 A = Elapsed time spent in this place.
 B = Non-inter-level travel time spent in this place.
 C = Inter-level travel time spent in this place.
 D = Time resting spent in this place.
 E = Time spent auto-exploring this place.
 F = Levels seen in this place.
 G = Mean time per level.
                   A        B        C        D        E       F      G
               +--------+--------+--------+--------+--------+-----+--------+
         Total |   3090 |   3090 |      0 |   1749 |      0 |   1 | 3090.0 |
       Dungeon |   3090 |   3090 |      0 |   1749 |      0 |   1 | 3090.0 |
               +--------+--------+--------+--------+--------+-----+--------+

Top non-repeatable levels by time:
       D: 3090 daAuts
